 Dungeon Crawl Stone Soup version 0.31-a0-675-g238779eb0a (console) character file.

Game seed: 14149136739803875333

114 qw the Shooter (level 4, 0/28 HPs)
             Began as a Gargoyle Hunter on Sept 4, 2023.
             Killed by divine providence
             ... invoked by an orc priest
              (11 damage)
             ... on level 3 of the Dungeon.
             The game lasted 00:01:23 (1947 turns).

qw the Shooter (Gargoyle Hunter)                    Turns: 1947, Time: 00:01:23

Health: 0/28       AC:  6    Str: 14    XL:     4   Next: 97%
Magic:  4/4        EV: 11    Int: 10    God:
Gold:   9          SH:  0    Dex: 15    Spells: 3/3 levels left

rFire   . . .        Y - +0 shortbow
rCold   . . .        (shield currently unavailable)
rNeg    + . .        c - +0 leather armour
rPois   inf          (no helmet)
rElec   +            (no cloak)
rCorr   .            (no gloves)
SInv    .            (no boots)
Will    .....        (no amulet)
Stlth   ++           (no ring)
HPRegen 0.24/turn    (no ring)
MPRegen 0.09/turn

%: no passive effects
@: no status effects
A: sickness immunity, AC +3, negative energy resistance 1, electricity
resistance, torment resistance 1, petrification resistance
a: no special abilities


You were on level 3 of the Dungeon.
You visited 1 branch of the dungeon, and saw 3 of its levels.

You collected 33 gold pieces.
You spent 24 gold pieces at shops.


Innate Abilities, Weirdness & Mutations

You are immune to sickness and miasma.
Your stone body is resilient. (AC +3)
You are immune to poison.
You resist negative energy. (rN+)
You are resistant to electric shocks. (rElec)
You are resistant to unholy torment.
You are immune to petrification.


   Skills:
 - Level 3.5 Fighting
 + Level 5.5 Ranged Weapons
 - Level 1.5 Dodging
 - Level 1.1 Stealth


You had 3 spell levels left.
You didn't know any spells.
Your spell library was empty.

Inventory:

Hand Weapons
 Y - a +0 shortbow (weapon)
Armour
 c - a +0 leather armour (worn)
Jewellery
 g - a ring of resist corrosion
Scrolls
 a - a scroll of identify
Potions
 b - a potion of might {unknown}
 d - a potion of brilliance {unknown}
 e - a potion of curing
 f - a potion of lignification {unknown}
 j - a potion of haste {unknown}

Dungeon Overview and Level Annotations

Branches:
Dungeon (3/15)

Altars:
Nemelex Xobeh

Shops:
D:3 ?


Message History

You shoot an arrow. The arrow closely misses the orc.
An orc priest comes into view. It is wielding a +0 club.
You shoot an arrow. The arrow closely misses the orc.
The arrow closely misses the orc priest.
The arrow hits the orc.
You kill the orc!
The orc priest invokes the aid of Beogh against you.
Beogh smites you!
An orc comes into view. It is wielding a +0 short sword.
You shoot an arrow. The arrow closely misses the orc.
The orc closely misses you.
You shoot an arrow. The arrow barely misses the orc priest.
The arrow hits the orc.
The orc is moderately wounded.
An orc comes into view. It is wielding a +0 hand axe.
The orc priest barely misses you. The orc hits you but does no damage.
You shoot an arrow. The arrow barely misses the orc priest.
The arrow closely misses the orc.
The orc hits you with a +0 dagger.
The orc priest hits you but does no damage.
You shoot an arrow.
The arrow hits the orc priest but does no damage.
The orc priest hits you with a +0 club. The orc closely misses you.
The orc hits you but does no damage.
The orc priest hits you but does no damage.
You shoot an arrow. The arrow hits the orc priest.
The orc priest is moderately wounded.
The orc hits you with a +0 dagger. The orc priest closely misses you.
You shoot an arrow.
The arrow closely misses the orc priest.
The arrow hits the orc.
The orc is severely wounded.
The orc priest calls upon Beogh to heal the orc.
The orc's wounds heal themselves!
The orc barely misses you.
You shoot an arrow. The arrow hits the orc priest!
The orc priest is almost dead.
The orc barely misses you.
The orc priest invokes the aid of Beogh against you.
Beogh smites you!
You die...

#.# #.#
#.# #
#.# .#
#.# ###.
#.# #o.
#.# #o#
#.####o#
#....o@#
########


You could see an orc priest and 3 orcs.

Vanquished Creatures
  Natasha (twice) (D:2)
  2 adders (D:2)
  A worm (D:2)
  2 dart slugs (D:1)
  An orc (D:3)
  4 endoplasms
  2 giant cockroaches
  3 hobgoblins (D:1)
  3 jackals (D:2)
  3 kobolds
  A quokka (D:2)
  3 ball pythons
  5 bats
  A frilled lizard (D:2)
  4 goblins
37 creatures vanquished.

Notes
Turn   | Place    | Note
-------+----------+-------------------------------------------
     0 | D:1      | qw the Gargoyle Hunter began the quest for the Orb.
     0 | D:1      | Reached XP level 1. HP: 12/12 MP: 1/1
     0 | D:1      | 0 ||| qw: Version: 0.3-a-75-g3711a7b
     0 | D:1      | 0 ||| qw: Game counter: 29
     0 | D:1      | 0 ||| qw: Melee chars always use a shield: true
     0 | D:1      | 0 ||| qw: God list: Okawaru
     0 | D:1      | 0 ||| qw: Allow faded altars: false
     0 | D:1      | 0 ||| qw: Do Orc after clearing Dungeon:15 true
     0 | D:1      | 0 ||| qw: Do second Lair branch before Depths: true
     0 | D:1      | 0 ||| qw: Lair rune preference: random
     0 | D:1      | 0 ||| qw: Goals: Normal
     0 | D:1      | 0 ||| PLANNING D:1-11
   162 | D:1      | Reached XP level 2. HP: 17/17 MP: 2/2
   701 | D:1      | 701 ||| READING scroll labelled ISTILLI LIACS.
   702 | D:1      | 702 ||| READING 2 scrolls labelled PYEDDEU ZAFEI.
   703 | D:1      | 703 ||| DROPPING scroll of butterflies.
   704 | D:1      | 704 ||| DROPPING scroll of fear.
   760 | D:2      | Reached XP level 3. HP: 21/21 MP: 3/3
   907 | D:2      | Reached skill level 5 in Ranged Weapons
  1113 | D:2      | Noticed Natasha
  1133 | D:2      | HP: 3/22 [cerulean imp/+1 spear[Natasha] (4)]
  1134 | D:2      | Killed Natasha
  1135 | D:2      | Reached skill level 3 in Fighting
  1135 | D:2      | Reached XP level 4. HP: 4/28 MP: 4/4
  1145 | D:2      | 1145 ||| FLEEEEING.
  1146 | D:2      | 1146 ||| FLEEEEING.
  1147 | D:2      | 1147 ||| FLEEEEING.
  1159 | D:2      | 1159 ||| FLEEEEING.
  1160 | D:2      | 1160 ||| FLEEEEING.
  1161 | D:2      | 1161 ||| FLEEEEING.
  1162 | D:2      | 1162 ||| FLEEEEING.
  1163 | D:2      | 1163 ||| FLEEEEING.
  1164 | D:2      | 1164 ||| FLEEEEING.
  1191 | D:2      | 1191 ||| FLEEEEING.
  1192 | D:2      | 1192 ||| FLEEEEING.
  1193 | D:2      | 1193 ||| FLEEEEING.
  1194 | D:2      | 1194 ||| FLEEEEING.
  1281 | D:2      | Found a sparkling altar of Nemelex Xobeh.
  1693 | D:2      | 1693 ||| READING scroll labelled OROENN TUNA.
  1694 | D:2      | 1694 ||| READING scroll labelled BUNTITT NIMU.
  1695 | D:2      | 1695 ||| READING scroll labelled XUANGEDONI.
  1696 | D:2      | 1696 ||| READING scroll labelled VISIRI ALEOMOG.
  1699 | D:2      | 1699 ||| DRINKING 2 emerald potions.
  1713 | D:2      | Noticed Natasha
  1722 | D:2      | 1722 ||| Stepping ~*~*~tactically~*~*~ (retreating).
  1723 | D:2      | 1723 ||| Stepping ~*~*~tactically~*~*~ (retreating).
  1724 | D:2      | 1724 ||| Stepping ~*~*~tactically~*~*~ (retreating).
  1726 | D:2      | Killed Natasha
  1797 | D:3      | Found Setwaz's Magic Scroll Boutique.
  1806 | D:3      | 1806 ||| SHOPLISTING scroll of enchant weapon (90 gold,
                  | have 26).
  1806 | D:3      | 1806 ||| BUYING scroll of identify (24 gold).
  1806 | D:3      | Bought a scroll of identify for 24 gold pieces
  1806 | D:3      | 1806 ||| SHOPLISTING scroll of identify (24 gold, have 2).
  1806 | D:3      | 1806 ||| SHOPLISTING scroll of teleportation (36 gold, have
                  | 2).
  1947 | D:3      | Killed from afar by an orc priest

Levels and vault maps discovered:
D:1:      scummos_arrival_forest, layout_basic
D:2:      layout_basic, basic_altar, uniq_natasha
D:3:      minmay_recursive_quarters, layout_loops_ring,
          mainiacjoe_overflow_tiny_flanked, serial_shops,
          nicolae_shop_statue_plus, minmay_crystal_room, moated_statue

Skill      XL: |  1  2  3 |
---------------+----------+-----
Ranged Weapons | 5 |  5.5
Fighting       | 3 |  3.5
Dodging        | |  1.5
Stealth        | |  1.1

Action                     |  1- 3 |  4- 6 || total
---------------------------+-------+-------++-------
   Fire: Shortbow          |   113 |    39 ||   152
    Use: Scroll            |     2 |     4 ||     6
         Potion            |       |     1 ||     1
 Armour: Leather armour    |    39 |    21 ||    60
  Dodge: Dodged            |    22 |    28 ||    50

Table legend:
 A = Non-vault XP
 B = Vault XP
 C = Vault XP percentage of total XP
 D = Non-vault monster count
 E = Vault monster count
 F = Vault count percentage of total count
                 A         B        C        D         E       F
            +---------+---------+-------+---------+---------+-------
      Total |     128 |      35 |  21.5 |      36 |       1 |   2.7
            +---------+---------+-------+---------+---------+-------
        D:1 |      27 |       0 |   0.0 |      13 |       0 |   0.0
        D:2 |      94 |      35 |  27.1 |      19 |       1 |   5.0
        D:3 |       7 |       0 |   0.0 |       4 |       0 |   0.0
            +---------+---------+-------+---------+---------+-------
